 Dungeon Crawl Stone Soup version 0.20-a0-1065-g8446734 (webtiles) character file.

4064 kuniqs the Fighter (level 10, -11/82 HPs)
             Began as a Gnoll Fighter on Apr 28, 2017.
             Mangled by a two-headed ogre
             ... wielding a +0 giant club
              (21 damage)
             ... on level 8 of the Dungeon.
             The game lasted 00:12:49 (7351 turns).

kuniqs the Fighter (Gnoll Fighter)                  Turns: 7351, Time: 00:12:50

Health: -11/82     AC: 13    Str: 15    XL:     10   Next: 25%
Magic:  9/9        EV: 13    Int:  9    God:
Gold:   270        SH: 11    Dex: 19    Spells: 9/9 levels left

rFire    . . .     SeeInvis +   E - +0 falchion (elec)
rCold    . . .     Gourm    .   c - +0 shield
rNeg     . . .     Faith    .   j - +1 scale mail of Umovudibb {rPois Regen+ Str-4 Stlth+}
rPois    +         Spirit   .   (no helmet)
rElec    .         Reflect  .   v - +0 cloak
rCorr    .         Harm     .   y - +0 pair of gloves
MR       .....                  D - +0 pair of boots
Stlth    ++++......             (no amulet)
Regen    0.7/turn               x - +4 ring of strength
MPRegen  0.2/turn               F - ring of see invisible

@: drained
A: short attention span, fangs 1, thin skeletal structure 1, low mp 1, strong
nose
a: no special abilities


You were on level 8 of the Dungeon.
You were not hungry.

You visited 2 branches of the dungeon, and saw 9 of its levels.

You collected 306 gold pieces.
You spent 36 gold pieces at shops.

Inventory:

Hand Weapons
 E - a +0 falchion of electrocution (weapon)
Missiles
 B - 2 throwing nets (quivered)
Armour
 c - a +0 shield (worn)
 j - the +1 scale mail of Umovudibb (worn) {rPois Regen+ Str-4 Stlth+}
   (You found it on level 6 of the Dungeon)

   It affects your strength (-4).
   It protects you from poison.
   It increases your rate of regeneration.
   It makes you more stealthy.
 v - a +0 cloak (worn)
 y - a +0 pair of gloves (worn)
 D - a +0 pair of boots (worn)
Jewellery
 x - a +4 ring of strength (left hand)
 F - a ring of see invisible (right hand)
 J - an uncursed ring of ice
Wands
 w - a wand of paralysis (6/24)
 z - a wand of enslavement (9/24)
 H - a wand of confusion (13/48)
 K - a wand of disintegration (3/24)
Scrolls
 g - 3 scrolls of enchant armour
 h - a scroll of recharging {unknown}
 k - 4 scrolls of teleportation
 l - a scroll of enchant weapon {unknown}
 o - 3 scrolls of magic mapping {unknown}
 t - a scroll of fear
 A - 4 scrolls of immolation {unknown}
 C - 2 scrolls of remove curse {@r2}
 G - a scroll of blinking {unknown}
Potions
 i - a potion of mutation
 m - 2 potions of berserk rage
 n - 3 potions of might
 p - 2 potions of heal wounds
 q - a potion of lignification {unknown}
 r - a potion of agility {unknown}
 s - a potion of flight
 u - a potion of curing {unknown}
 I - a potion of resistance {unknown}
Comestibles
 a - a royal jelly
 b - 12 chunks of flesh
 d - 4 bread rations
 e - 4 meat rations
 f - a fruit


   Skills:
 + Level 8.9 Fighting
   Level 7.9(8.0) Short Blades
 + Level 3.6(6.3) Long Blades
 + Level 8.7 Armour
 + Level 8.3(8.2) Dodging
 + Level 8.3(8.2) Stealth
 - Level 7.1 Shields


You had 9 spell levels left.
You didn't know any spells.

Dungeon Overview and Level Annotations

Branches:
Dungeon (8/15)             Temple (1/1) D:7
   Lair: D:8-11

Altars:
Ashenzari
Cheibriados
Dithmenos
Elyvilon
Fedhas
Gozag
Hepliaklqana
Makhleb
Okawaru
Qazlal
Ru
Sif Muna
Trog
Uskayaw
Xom
Yredelemnul
Zin
The Shining One

Shops:
D:6 [?


Innate Abilities, Weirdness & Mutations

You have a short attention span.
You have very sharp teeth.
Your uncanny sense of smell can sniff out nearby items.
You have a somewhat thin skeletal structure. (Dex +2, Stealth)
Your magical capacity is low. (-10% MP)


Message History

You are too injured to fight recklessly!
You closely miss the two-headed ogre. The two-headed ogre barely misses you.
The two-headed ogre hits you with a giant club.
You hit the two-headed ogre.
Lightning courses through the two-headed ogre!
You block the two-headed ogre's attack. The two-headed ogre misses you.
You hit the two-headed ogre but do no damage.
You barely miss the two-headed ogre.
You bite the two-headed ogre, but do no damage.
The two-headed ogre hits you with a giant club!
* * * LOW HITPOINT WARNING * * *
The two-headed ogre barely misses you.
You hit the two-headed ogre. You block the two-headed ogre's attack.
The two-headed ogre hits you with a giant club!!
* * * LOW HITPOINT WARNING * * *
Save game and exit?
Welcome back, kuniqs the Gnoll Fighter.
You slash the two-headed ogre!
The two-headed ogre hits you with a giant club!!
You die...

....................
....................
....................
....................
................[...
....................
###############.#####
#.......<######.#
#...@O..........# ##
#..############## #..
#..# #.# #..# #.#
#..# #.# #..#
#.###..#∆
##......######
#########
#..)###......#
#.......#


You could see a two-headed ogre.

Vanquished Creatures
  Pikel (D:4)
  Joseph (D:8)
  Sigmund (D:4)
  Menkaure (D:6)
  4 ice beasts
  A black bear (D:7)
  A sky beast (D:7)
  A necrophage (D:7)
  2 ogres
  2 slaves (D:4)
  A wolf (D:8)
  2 centaurs (D:5)
  3 big kobolds (D:7)
  2 bullfrogs
  3 scorpions
  5 wights (D:7)
  3 crimson imps
  A quasit (D:8)
  2 jellies (D:5)
  2 orc priests (D:5)
  Crazy Yiuf (D:7)
  2 hounds
  2 centaur skeletons
  3 bullfrog skeletons
  2 iguanas
  Ijyb (D:4)
  Natasha (thrice) (D:4)
  7 orc wizards
  6 worker ants
  A centaur simulacrum (D:8)
  A hound skeleton (D:8)
  A worker ant zombie (D:5)
  7 adders
  4 gnolls (D:4)
  An ooze (D:6)
  An adder skeleton (D:4)
  A worm (D:2)
  A dart slug (D:2)
  3 leopard geckos
  23 orcs
  3 ball pythons
  6 giant cockroaches
  7 goblins
  6 hobgoblins
  7 jackals
  5 quokkas
  7 bats
  7 frilled lizards
  15 kobolds
  9 rats
182 creatures vanquished.

Vanquished Creatures (others)
  An orc wizard (D:5)
  4 jackals (D:4)
5 creatures vanquished.

Grand Total: 187 creatures vanquished

Notes
Turn   | Place    | Note
-------+----------+-------------------------------------------
     0 | D:1      | kuniqs the Gnoll Fighter began the quest for the Orb.
     0 | D:1      | Reached XP level 1. HP: 20/20 MP: 1/1
   109 | D:1      | Reached skill level 1 in Stealth
   164 | D:1      | Reached XP level 2. HP: 26/26 MP: 2/2
   482 | D:1      | Reached skill level 5 in Shields
   896 | D:2      | Reached XP level 3. HP: 29/31 MP: 3/3
   957 | D:2      | Reached skill level 1 in Dodging
  1161 | D:2      | Found a glowing silver altar of Zin.
  1162 | D:2      | Noticed an angel
  1185 | D:2      | Found a snail-covered altar of Cheibriados.
  1254 | D:2      | Reached XP level 4. HP: 37/38 MP: 4/4
  1679 | D:3      | Reached skill level 5 in Fighting
  2302 | D:3      | Reached XP level 5. HP: 44/44 MP: 5/5
  2674 | D:4      | Noticed an ice beast
  2689 | D:4      | Killed an ice beast
  2689 | D:4      | Reached skill level 5 in Armour
  2689 | D:4      | Reached XP level 6. HP: 33/51 MP: 6/6
  2854 | D:4      | Noticed Sigmund
  2885 | D:4      | Killed Sigmund
  2886 | D:4      | Noticed Ijyb
  2887 | D:4      | Paralysed by Ijyb for 6 turns
  3084 | D:4      | Killed Ijyb
  3116 | D:4      | Reached XP level 7. HP: 57/58 MP: 7/7
  3243 | D:4      | Noticed Natasha
  3259 | D:4      | Killed Natasha
  3516 | D:4      | Reached skill level 5 in Short Blades
  3944 | D:4      | Found a burning altar of Makhleb.
  3946 | D:4      | Noticed Natasha
  3955 | D:4      | Killed Natasha
  4060 | D:4      | Noticed Pikel
  4098 | D:4      | Killed Pikel
  4098 | D:4      | Reached skill level 5 in Dodging
  4098 | D:4      | Reached skill level 5 in Stealth
  4098 | D:4      | Reached XP level 8. HP: 30/67 MP: 8/8
  4388 | D:4      | Found a sacrificial altar of Ru.
  4509 | D:4      | Noticed Natasha
  4515 | D:4      | Killed Natasha
  4528 | D:5      | Entered Level 5 of the Dungeon
  5520 | D:5      | Reached XP level 9. HP: 59/73 MP: 9/9
  5684 | D:6      | Noticed Menkaure
  5693 | D:6      | Killed Menkaure
  5720 | D:6      | Found Uckeank's Armour Boutique.
  5889 | D:6      | Gained mutation: Your magical capacity is low. (-10% MP) [potion of mutation]
  5889 | D:6      | Gained mutation: You have a somewhat thin skeletal structure. (Dex +2, Stealth) [potion of mutation]
  5904 | D:6      | Got a topaz-encrusted scale mail
  5915 | D:6      | Identified the cursed +1 scale mail of Umovudibb {rPois Regen+ Str-4 Stlth+} (You found it on level 6 of the Dungeon)
  6091 | D:6      | Found Archirch's Magic Scroll Emporium.
  6100 | D:6      | Bought a scroll of teleportation for 36 gold pieces
  6191 | D:6      | You fall through a shaft!
  6389 | D:7      | Found a white marble altar of Elyvilon.
  6429 | D:7      | Found a shimmering altar of Xom.
  6436 | D:7      | Found a shimmering altar of Xom.
  6436 | D:7      | Found a shimmering altar of Xom.
  6436 | D:7      | Found a shimmering altar of Xom.
  6444 | D:7      | Found a shimmering altar of Xom.
  6526 | D:7      | Found a runed door.
  6639 | D:7      | Reached skill level 1 in Long Blades
  6649 | D:7      | Found a bloodstained altar of Trog.
  6809 | D:7      | Found a basalt altar of Yredelemnul.
  6863 | D:7      | Found a staircase to the Ecumenical Temple.
  6872 | Temple   | Entered the Ecumenical Temple
  7035 | D:7      | Noticed Crazy Yiuf
  7041 | D:7      | Killed Crazy Yiuf
  7071 | D:7      | Reached XP level 10. HP: 82/82 MP: 9/9
  7099 | D:8      | Noticed Joseph
  7116 | D:8      | Killed Joseph
  7316 | D:8      | Noticed a two-headed ogre
  7341 | D:8      | HP: 4/82 [two-headed ogre/giant club (20)]
  7351 | D:8      | Mangled by a two-headed ogre

Vault maps used:
D:1:      saegor_arrival_simple_a, serial_forest, infiniplex_forest_straight_2,
          infiniplex_forest_lined_3, infiniplex_forest_lined_2,
          infiniplex_forest_end_2, infiniplex_forest_side_room,
          infiniplex_forest_end_1, infiniplex_forest_diagonal,
          hangedman_decor_push
D:2:      zin_angel, lemuel_doored_altar, minmay_tromino_v4_c
D:3:      grunt_ministairs_11
D:4:      kennysheep_mini, old_standard_altar, solitary_fountain, uniq_ijyb,
          uniq_natasha, uniq_sigmund, uniq_pikel
D:5:      first_bread
D:6:      serial_shops, shop, shop, st_stairs_3, uniq_menkaure
D:7:      kennysheep_ying_yang, xom_redecorated, bloody_trog,
          minmay_temple_entry_poolview, uniq_crazy_yiuf_cottage
D:8:      lemuel_zombie_altar_kikubaaqudgha, nicolae_overflow_crystal_walls,
          lemuel_coloured_pillars_altar, serial_ice, serial_ice_i, serial_ice_c,
          serial_ice_b, serial_ice_g, the_bakery, uniq_joseph,
          uniq_prince_ribbit1
Temple:   jpeg_temple_alley_garden

Skill      XL: |  1  2  3  4  5  6  7  8  9 10 |
---------------+-------------------------------+-----
Stealth        | 1 2 3 4 5 6 8 |  8.3
Shields        | 5 6 7 |  7.1
Dodging        | 1 2 3 5 6 8 |  8.3
Fighting       | 5 6 7 8 |  8.9
Short Blades   | 4 6 7 |  7.9
Armour         | 5 6 7 8 |  8.7
Long Blades    | 2 3 |  3.6

Action                   |  1- 3 |  4- 6 |  7- 9 | 10-12 || total
-------------------------+-------+-------+-------+-------++-------
Melee: Rapier            |   117 |   172 |   504 |       ||   793
       Bite              |    10 |    15 |    98 |     9 ||   132
       Short sword       |       |       |    75 |       ||    75
       Falchion          |       |       |    47 |    65 ||   112
       Dagger            |       |       |     1 |       ||     1
  Use: Scroll            |       |       |     7 |       ||     7
       Potion            |       |       |     3 |       ||     3
 Stab: Sleeping          |       |       |    12 |     4 ||    16
  Eat: Chunk             |     1 |     5 |    13 |     1 ||    20
       Bread ration      |       |       |     1 |       ||     1
       Royal jelly       |       |       |     1 |       ||     1
Armor: Scale mail        |    35 |    37 |   167 |    13 ||   252
       Chain mail        |       |     5 |       |       ||     5
Dodge: Dodged            |    24 |    39 |   234 |    25 ||   322
Block: Shield            |    60 |    71 |   317 |    34 ||   482
       Rpst.: Falchion   |       |       |     7 |     3 ||    10
